 Dungeon Crawl Stone Soup version 0.23-a0-4-g8f018a2 (webtiles) character file.

8 prawnwizard the Slasher (level 2, 22/22 HPs)
             Began as a Demonspawn Gladiator on July 31, 2018.
             Got out of the dungeon alive.
             The game lasted 00:00:28 (452 turns).

prawnwizard the Slasher (Demonspawn Gladiator)       Turns: 452, Time: 00:00:29

Health: 22/22      AC:  6    Str: 14    XL:     2   Next: 0%
Magic:  2/2        EV: 11    Int:  9    God:
Gold:   16         SH:  0    Dex: 14    Spells: 1/1 levels left

rFire    . . .     SeeInvis .   a - +0 long sword
rCold    . . .     Gourm    .   (no shield)
rNeg     . . .     Faith    .   e - +0 ring mail
rPois    .         Spirit   .   c - +0 helmet
rElec    .         Reflect  .   (no cloak)
rCorr    .         Harm     .   (no gloves)
MR       .....                  (no boots)
Stlth    ++........             (no amulet)
HPRegen  0.07/turn              (no ring)
MPRegen  0.08/turn              (no ring)

@: no status effects
A: nightstalker 1
a: no special abilities


You escaped.
You were not hungry.

You visited 1 branch of the dungeon, and saw 1 of its levels.

You collected 16 gold pieces.

Inventory:

Hand Weapons
 a - a +0 long sword (weapon)
Missiles
 d - 3 throwing nets (quivered)
Armour
 b - a +0 leather armour
 c - a +0 helmet (worn)
 e - a +0 ring mail (worn)
Comestibles
 f - a ration
 g - a chunk of flesh


   Skills:
 + Level 2.1 Fighting
 * Level 3.0 Long Blades
 - Level 1.7 Throwing
 + Level 2.8 Dodging


You had one spell level left.
You didn't know any spells.
Your spell library was empty.

Dungeon Overview and Level Annotations

Branches:
Dungeon (1/15)

Altars:


Innate Abilities, Weirdness & Mutations

You are slightly more attuned to the shadows.


Message History

Things that are here:
a short sword; a kobold corpse
There is an open door here.
You see here a leather armour.
You enter the shallow water.
Moving in this stuff is going to be slow.
You enter the shallow water.
Moving in this stuff is going to be slow.
You enter the shallow water.
Moving in this stuff is going to be slow.
You enter the shallow water.
Moving in this stuff is going to be slow.
You enter the shallow water.
Moving in this stuff is going to be slow.
You enter the shallow water.
Moving in this stuff is going to be slow.
Some of the chunks of flesh in your inventory have rotted away.
There is a staircase leading out of the dungeon here.
Are you sure you want to leave the Dungeon?
This will make you lose the game!
You have escaped!

♣≈♣≈♣♣≈≈≈♣♣≈♣≈♣
##
♣♣≈♣≈♣.≈♣♣≈♣≈♣≈♣♣
..
♣.≈♣≈♣♣≈.♣≈♣≈♣≈.♣
..
♣♣≈♣≈≈≈≈♣♣≈♣≈♣≈♣♣
..
♣≈♣.♣♣♣♣≈♣♣≈♣≈♣
..
♣≈♣♣♣≈≈≈♣♣≈♣♣≈♣
..
♣♣≈≈≈♣♣♣♣≈♣♣.♣♣
.. ♣♣.♣♣≈≈≈♣♣≈♣♣
.$ ♣♣♣@≈♣♣♣≈♣♣ ##
♣♣♣♣..♣♣ #....#
#....###########
#..............#
##############.#
#.## #... ####


There were no monsters in sight!

Vanquished Creatures
  A giant cockroach (D:1)
  A goblin (D:1)
  A hobgoblin (D:1)
  2 kobolds (D:1)
  A ball python (D:1)
  A bat (D:1)
7 creatures vanquished.

Vanquished Creatures (others)
  7 toadstools (D:1)
7 creatures vanquished.

Grand Total: 14 creatures vanquished

Notes
Turn   | Place    | Note
-------+----------+-------------------------------------------
     0 | D:1      | prawnwizard the Demonspawn Gladiator began the quest for the Orb.
     0 | D:1      | Reached XP level 1. HP: 16/16 MP: 1/1
   291 | D:1      | Reached skill level 3 in Long Blades
   291 | D:1      | Gained mutation: You are slightly more attuned to the shadows. [demonic ancestry]
   291 | D:1      | Reached XP level 2. HP: 22/22 MP: 2/2
   452 | D:$      | Got out of the dungeon alive.

Vault maps used:
D:1:      nagdon_arrival_double_spiral

Skill      XL: |  1 |
---------------+----+-----
Long Blades    | 3 |  3.0
Fighting       | |  2.1
Throwing       | |  1.7
Dodging        | |  2.8

Action                   || total
-------------------------++-------
Melee: Long sword        ||    15
Armor: Ring mail         ||     6
Dodge: Dodged            ||    13
       Rpst.: Long sword ||     4

Table legend:
 A = Spawn XP
 B = Non-spawn XP
 C = Spawn XP percentage of total XP
 D = Spawn monster count
 E = Non-spawn monster count
 F = Spawn count percentage of total count
 G = Total turns spent on level
                    A         B        C        D         E        F      G
               +---------+---------+-------+---------+---------+-------+---------
         Total |       0 |      12 |   0.0 |       0 |       7 |   0.0 |   452
               +---------+---------+-------+---------+---------+-------+---------
           D:1 |       0 |      12 |   0.0 |       0 |       7 |   0.0 |   452
               +---------+---------+-------+---------+---------+-------+---------
